cohdb
Replays
Latest Replays
All Replays
Popular Replays
Top Player Replays
Match Explorer
How It Works
Community
CoH3 Stats
Reddit
Sign in to upload your games and track your stats! →
Sign in with Steam
Match 25035256
Unlisted
Match 25035256
Overview
Messages
Build Orders
End
250 Light Carrier
Selects Battlefield Espionage Battlegroup
Selects Sector Subterfuge Beacon
Panzergrenadier Squad
Panzergrenadier Squad
Panzergrenadier Squad
Construct Light Support Kompanie
Selects Plunder
Assault Grenadier Squad
Fire Support Elements
2.5-tonne Medical Truck
Construct Panzerarmee Kommand
Rapid Advance
Armored Reserves
StuG Assault Group
Selects Firestorm
Selects 250/3 Funkpanzerwagen
Selects Advanced Ambush Training
Firestorm
Veteran Squad Leaders
Firestorm
Walking Stuka Rocket Launcher
Advanced Field Repairs
Panzer IV Assault Group
Panzergrenadier Squad
Selects Operation Skorpion
Tungsten Core Ammunition
Firestorm
Morpeh
[BRE] Hector {]-KAANUUN-[}
lobul
Piros
Fofi
Destripaor
0
0
Comments
sign in to comment!
No comments posted yet!